 Dungeon Crawl Stone Soup version 0.28.0-43-g3370ac3207 (webtiles) character file.

Game seed: 13008746360492038857

217 crimpus the Bolt Thrower (level 5, -6/42 HPs)
             Began as a Demigod Hunter on Mar 26, 2022.
             Mangled by an ogre
             ... wielding a +0 giant spiked club
              (16 damage)
             ... on level 3 of the Dungeon.
             The game lasted 00:04:19 (2647 turns).

crimpus the Bolt Thrower (Demigod Hunter)           Turns: 2647, Time: 00:04:19

Health: -6/42      AC:  3    Str: 13    XL:     5   Next: 35%
Magic:  7/7        EV: 12    Int: 13    God:
Gold:   163        SH:  0    Dex: 18    Spells: 4/4 levels left

rFire   . . .      SeeInvis .   a - +1 hand crossbow
rCold   . . .      Faith    .   (no shield)
rNeg    . . .      Spirit   .   c - +0 leather armour
rPois   .          Reflect  .   (no helmet)
rElec   .          Harm     .   (no cloak)
rCorr   .          Rampage  .   (no gloves)
Will    .....                   (no boots)
Stlth   ++........              (no amulet)
HPRegen 0.14/turn               (no ring)
MPRegen 0.10/turn               (no ring)

@: no status effects
A: high MP 1, forlorn, divine attributes
a: no special abilities


You were on level 3 of the Dungeon.
You visited 1 branch of the dungeon, and saw 3 of its levels.

You collected 163 gold pieces.

Inventory:

Hand Weapons
 a - a +1 hand crossbow (weapon)
 j - a +2 dagger of freezing
 k - a +0 hand axe of flaming
Missiles
 d - 7 bolts (quivered ammo)
Armour
 c - a +0 leather armour (worn)
Scrolls
 b - a scroll of brand weapon {unknown}
 f - a scroll of summoning
 i - a scroll of amnesia
Potions
 e - a potion of degeneration {unknown}
 g - a potion of curing


   Skills:
 * Level 2.7 Fighting
 * Level 5.4 Crossbows
 * Level 2.3 Dodging
 * Level 1.8 Stealth


You had 4 spell levels left.
You didn't know any spells.
Your spell library was empty.

Dungeon Overview and Level Annotations

Branches:
Dungeon (3/15)


Innate Abilities, Weirdness & Mutations

You have an increased reservoir of magic. (+10% MP)
You shall have no god before yourself.
Your divine heritage dramatically boosts your attributes as you level up.


Message History

There is an open door here.
A giant cockroach comes into view.
A giant cockroach is nearby!
You shoot a bolt. The bolt hits the giant cockroach!
You kill the giant cockroach!
Found a stone staircase leading up.
Found a stone staircase leading down.
A quokka comes into view.
A quokka is nearby!
You shoot a bolt. The bolt hits the quokka!
You kill the quokka!
There is a stone staircase leading up here.
d - 12 bolts (gained 1)
You see here a quokka corpse.
You open the door.
There is an open door here.
You open the door.
Found 16 stones.
There is an open door here.
You see here 16 stones.
You open the door.
There is an open door here.
There is a stone staircase leading up here.
An ogre comes into view. It is wielding a +0 giant spiked club.
The ogre shouts!
An ogre is nearby!
You shoot a bolt. The bolt hits the ogre!
The ogre is moderately wounded.
You shoot a bolt. The bolt hits the ogre!
The ogre is heavily wounded.
You shoot a bolt. The bolt barely misses the ogre.
You shoot a bolt. The bolt barely misses the ogre.
You shoot a bolt. The bolt hits the ogre.
The ogre is severely wounded.
The ogre hits you with a +0 giant spiked club!!
Ouch! That really hurt!
* * * LOW HITPOINT WARNING * * *
There is a stone staircase leading up here.
The ogre hits you with a +0 giant spiked club!
You die...

####.......'...........#####.####
* #.......#...........# #.# *
#.......#...........# #.#
***#.......#...........# #.#
+>*#.......#...........# #.#
***##############'#'#### #.# *
#.#.# #.# * ***###########.#.#
#.# *,,(((...(..O@.#.# #.#
***###########.#.# #.# #.#.#
#.#### #.#.# #..... #.#.# ######
#.#.# #.#.# #.#.# #.#.#


You could see an ogre.

Vanquished Creatures
  2 orc priests (D:3)
  An iguana (D:3)
  An orc wizard (D:3)
  A hound skeleton (D:2)
  A gnoll (D:1)
  3 adders (D:3)
  A dart slug (D:2)
  2 orcs (D:3)
  6 ball pythons
  3 bats
  5 endoplasms
  2 giant cockroaches
  7 goblins
  4 hobgoblins
  2 jackals (D:2)
  A kobold (D:1)
  A quokka (D:3)
  5 frilled lizards
  12 rats
60 creatures vanquished.

Notes
Turn   | Place    | Note
-------+----------+-------------------------------------------
     0 | D:1      | crimpus the Demigod Hunter began the quest for the Orb.
     0 | D:1      | Reached XP level 1. HP: 17/17 MP: 3/3
    15 | D:1      | Reached skill level 1 in Stealth
    19 | D:1      | Reached XP level 2. HP: 24/24 MP: 4/4
    21 | D:1      | Reached skill level 4 in Crossbows
   575 | D:1      | Reached XP level 3. HP: 29/29 MP: 5/5
  1616 | D:3      | Reached XP level 4. HP: 18/36 MP: 6/6
  1820 | D:3      | Reached skill level 5 in Crossbows
  1833 | D:3      | Reached XP level 5. HP: 19/42 MP: 7/7
  2638 | D:3      | Noticed an ogre
  2647 | D:3      | Mangled by an ogre

Illustrated notes

Levels and vault maps discovered:
D:1:      lightli_arrival_maybe_door_vault, layout_basic
D:2:      layout_loops_ring, dreamdust_ecumenical_altar_sealed_demon
D:3:      layout_basic, nicolae_wu_jian_glorious_leap,
          chequers_serial_rivers_room_a, ebering_dispersal_statue_hall

Skill      XL: |  1  2  3  4 |
---------------+-------------+-----
Stealth        | 1 |  1.8
Crossbows      | 4 5 |  5.4
Fighting       | 2 |  2.7
Dodging        | 2 |  2.3

Action                   |  1- 3 |  4- 6 || total
-------------------------+-------+-------++-------
Melee: Dagger            |     6 |    18 ||    24
 Fire: Hand crossbow     |    85 |    28 ||   113
  Use: Scroll            |     2 |     2 ||     4
Armor: Leather armour    |     3 |     5 ||     8
Dodge: Dodged            |    11 |     7 ||    18
